Map: Bel'Shir Vestige LE (Void)

Players

Lambo - Winner!

  • Race: Zerg Zerg
  • Spawn Location: 5:00

PandaBearMe

  • Race: Zerg Zerg
  • Spawn Location: 11:00

Event: WCS Austin 2017

VOD

Have the link to the VOD?

Description

Time

  • Played on: April 28, 2017, 2:32 p.m.
  • Length: 15:21

All games in this series

Show
View Real Time Build Order
Export as new Build Order

Lambo Zerg - Winner!

Build Orders: Hatch First 

Get SALT Encoding   

  12  0:00  Drone  
  13  0:13  Overlord  
  13  0:17  Drone  
  14  0:32  Drone x2  
  14  0:35  Drone  
  17  0:51  Hatchery  
  17  0:54  Drone  
  17  0:57  Drone  
  18  1:08  Extractor  
  17  1:12  Spawning Pool  
  17  1:14  Drone  
  17  1:19  Drone  
  18  1:29  Drone  
  19  1:40  Overlord  
  19  1:55  Drone  
  19  1:58  Queen  
  22  2:02  Queen, Zergling x2  
  22  2:04  Zergling x2  
  26  2:10  Metabolic Boost  
  26  2:12  Zergling x2  
  27  2:16  Zergling x2  
  28  2:23  Spine Crawler  
  28  2:26  Zergling x4  
  28  2:35  Zergling x4  
  18  2:45  Zergling x2  
  18  2:49  Drone  
  19  2:56  Zergling x2  
  15  2:59  Drone  
  15  3:04  Queen  
  18  3:05  Zergling x2  
  18  3:10  Zergling x2  
  19  3:17  Drone  
  21  3:27  Zergling x2  
  21  3:31  Zergling x2  
  21  3:33  Zergling x2  
  23  3:36  Drone  
  24  3:43  Zergling x2  
  24  3:47  Zergling x2  
  19  3:56  Zergling x4  
  19  3:58  Zergling x2  
  19  4:02  Zergling x2  
  21  4:14  Zergling x4  
  21  4:20  Zergling x2  
  18  4:26  Drone  
  18  4:28  Drone  
  20  4:34  Zergling x2  
  21  4:44  Zergling x4  
  23  4:47  Drone  
  23  4:50  Zergling x2  
  24  4:54  Zergling x2  
  25  5:00  Zergling x4  
  25  5:10  Drone  
  25  5:17  Drone x2  
  27  5:22  Drone  
  28  5:36  Queen  
  28  5:39  Drone x2  
  31  5:47  Queen  
  31  5:56  Zergling x6  
  31  6:05  Zergling x4  
  31  6:10  Zergling x2  
  34  6:13  Queen  
  35  6:20  Spine Crawler  
  35  6:24  Zergling x2  
  33  6:36  Zergling x6  
  33  6:39  Zergling x4  
  31  6:49  Zergling x6  
  31  6:59  Zergling x2  
  28  7:06  Drone  
  27  7:13  Zergling x2  
  26  7:22  Queen  
  26  7:26  Zergling x2  
  27  7:32  Zergling x2  
  28  7:38  Zergling x4  
  30  7:47  Queen  
  28  7:54  Zergling x4  
  29  7:59  Zergling x2  
  29  8:03  Zergling x2  
  29  8:04  Zergling x2  
  28  8:07  Drone  
  28  8:11  Drone  
  30  8:15  Drone  
  30  8:17  Drone  
  32  8:21  Drone  
  32  8:26  Drone  
  33  8:28  Drone  
  34  8:35  Zergling x4  
  34  8:45  Zergling x4  
  34  8:52  Drone x3  
  35  9:01  Drone  
  36  9:03  Overlord  
  36  9:09  Overlord  
  36  9:15  Overlord  
  35  9:23  Drone x4  
  38  9:26  Drone  
  38  9:31  Drone x4  
  38  9:32  Drone x2  
  38  9:35  Drone  
  45  9:44  Drone, Evolution Chamber  
  45  9:49  Lair, Roach Warren  
  45  9:52  Zergling x2  
  45  9:58  Extractor  
  45  9:59  Zergling x4, Extractor  
  45  10:02  Drone x2  
  45  10:07  Drone x4  
  50  10:15  Drone  
  50  10:16  Drone  
  52  10:21  Zerg Missile Weapons Level 1  
  52  10:34  Roach x3  
  58  10:37  Overlord, Extractor  
  58  10:38  Roach  
  58  10:41  Overlord  
  58  10:42  Overlord  
  59  10:46  Overlord  
  59  10:49  Overlord  
  59  10:52  Overlord  
  59  10:53  Glial Reconstitution  
  59  10:56  Drone x2  
  61  10:57  Roach  
  65  11:04  Roach x4  
  71  11:13  Roach  
  71  11:14  Roach x2  
  71  11:17  Roach  
  79  11:21  Roach  
  81  11:26  Roach  
  83  11:34  Roach x4  
  91  11:44  Roach  
  91  11:50  Roach x2  
  91  11:52  Roach x2  
  86  11:55  Queen  
  86  11:56  Roach  
  84  12:02  Roach x3  
  84  12:06  Roach  
  76  12:13  Roach x2  
  77  12:20  Roach  
  75  12:27  Zerg Missile Weapons Level 2  
  72  12:39  Roach x2  
  72  12:40  Roach x2  
  79  12:45  Queen  
  79  12:47  Roach  
  83  12:59  Hatchery  
  83  13:03  Ravager x4  
  86  13:06  Roach  
  86  13:07  Ravager  
  86  13:12  Roach  
  91  13:16  Roach x2  
  91  13:18  Ravager  
  96  13:21  Overseer  
  96  13:23  Roach  
  98  13:29  Roach x2  
  102  13:35  Overlord  
  102  13:37  Roach  
  102  13:39  Overlord  
  104  13:45  Roach  
  108  13:49  Overlord  
  108  13:54  Overlord  
  108  13:55  Roach  
  108  14:01  Roach x2  
  112  14:08  Roach x2  
  116  14:14  Roach x2  
  120  14:17  Roach  
  120  14:19  Ravager  
  120  14:20  Ravager  
  120  14:22  Ravager  
  125  14:25  Ravager  
  125  14:26  Ravager  
  125  14:29  Roach  
  129  14:37  Roach  
  131  14:46  Roach x3  
  131  14:50  Roach  
  131  14:51  Roach  
  141  14:58  Roach x2  
  141  15:01  Roach  
Show
View Real Time Build Order
Export as new Build Order

PandaBearMe Zerg 

Build Orders: Pool First 

Get SALT Encoding   

  12  0:02  Drone  
  13  0:10  Extractor  
  12  0:24  Spawning Pool  
  11  0:29  Drone  
  11  0:33  Drone  
  13  0:39  Drone  
  14  0:51  Overlord  
  14  1:12  Zergling x6  
  14  1:14  Metabolic Boost  
  17  1:23  Zergling x2  
  18  1:32  Baneling Nest  
  17  1:34  Zergling x2  
  18  1:45  Zergling x2  
  19  1:53  Queen  
  21  1:58  Zergling x2  
  22  2:09  Overlord  
  22  2:31  Zergling x4  
  22  2:33  Baneling  
  22  2:34  Baneling  
  23  2:38  Zergling x2  
  21  2:57  Zergling x2  
  19  2:59  Zergling x2  
  19  3:01  Zergling x6  
  22  3:15  Zergling x2  
  23  3:20  Baneling  
  23  3:21  Baneling  
  23  3:24  Zergling x2  
  24  3:35  Zergling x2  
  24  3:38  Hatchery  
  23  3:52  Zergling x6  
  23  3:54  Baneling x2  
  22  4:04  Zergling x2  
  22  4:11  Zergling x2  
  22  4:12  Zergling x4  
  23  4:23  Drone  
  22  4:33  Drone  
  22  4:49  Drone x3  
  25  4:53  Queen  
  25  5:08  Drone x3  
  27  5:23  Zergling x6  
  27  5:28  Zergling x4  
  31  5:33  Zergling x2  
  31  5:34  Zergling x2  
  32  5:37  Zergling x2  
  32  5:40  Zergling x2  
  34  5:43  Baneling  
  34  5:48  Zergling x4  
  33  5:51  Drone  
  32  5:58  Drone  
  32  6:01  Drone  
  34  6:09  Drone  
  35  6:12  Baneling x3  
  35  6:31  Zergling x2  
  36  6:37  Overlord  
  36  6:38  Zergling x2  
  35  6:43  Zergling x2  
  35  6:44  Overlord  
  35  6:48  Overlord  
  35  6:49  Queen  
  35  6:51  Zergling x4  
  34  6:54  Zergling x2  
  34  6:55  Zergling x4  
  32  7:06  Zergling x4  
  25  7:17  Drone  
  25  7:18  Drone, Baneling x2  
  27  7:28  Drone  
  27  7:29  Drone  
  29  7:32  Baneling x4  
  29  7:34  Baneling  
  28  7:40  Drone  
  29  7:47  Zergling x2  
  26  7:59  Drone x5  
  27  8:06  Drone  
  27  8:07  Drone  
  28  8:15  Drone x2  
  30  8:25  Baneling x2  
  30  8:26  Drone, Zergling x2  
  32  8:30  Zergling x6  
  32  8:34  Zergling x2  
  35  8:40  Zergling x2  
  34  8:42  Zergling x2  
  33  8:53  Drone x2  
  34  9:04  Queen  
  34  9:05  Drone x4  
  34  9:07  Drone  
  41  9:19  Zergling x4  
  41  9:30  Drone x2  
  42  9:32  Baneling  
  42  9:33  Baneling  
  41  9:45  Hatchery  
  40  9:47  Roach Warren  
  40  9:48  Zergling x4  
  41  9:53  Drone, Overlord  
  41  9:54  Drone  
  41  9:56  Drone  
  41  9:57  Extractor  
  41  9:58  Drone  
  44  10:01  Drone  
  44  10:19  Overlord  
  46  10:28  Roach x6  
  56  10:37  Roach  
  56  10:40  Roach  
  60  10:44  Roach x5  
  60  10:46  Roach  
  72  10:53  Roach x2  
  76  10:58  Roach  
  76  11:03  Overlord  
  78  11:08  Zergling x4  
  78  11:10  Zergling x2  
  80  11:16  Overlord  
  80  11:17  Zergling x2  
  81  11:18  Baneling  
  81  11:20  Baneling x3  
  81  11:21  Queen  
  81  11:22  Baneling  
  81  11:25  Zergling x2  
  84  11:26  Zergling x2  
  84  11:29  Zergling x4  
  84  11:32  Zergling x2  
  88  11:36  Zergling x4  
  87  11:48  Zergling x2  
  87  11:52  Zergling x14  
  87  11:53  Ravager  
  82  11:55  Zergling x2  
  82  11:57  Ravager  
  82  12:00  Zergling x4  
  72  12:01  Zergling x2  
  72  12:04  Roach  
  68  12:11  Lair  
  63  12:20  Evolution Chamber  
  63  12:22  Drone  
  59  12:23  Drone x2  
  48  12:38  Roach x2  
  48  12:39  Roach x2  
  48  12:40  Roach x3  
  48  12:42  Roach  
  60  12:46  Zerg Missile Weapons Level 1  
  60  12:50  Roach  
  62  12:52  Roach  
  62  12:55  Roach  
  67  12:58  Roach  
  67  12:59  Roach  
  67  13:03  Roach  
  71  13:09  Roach  
  71  13:10  Overlord  
  73  13:18  Drone  
  73  13:19  Drone x3  
  77  13:26  Glial Reconstitution  
  77  13:28  Drone x2  
  77  13:29  Drone, Extractor  
  79  13:34  Overlord  
  79  13:40  Roach x2  
  79  13:41  Roach  
  85  13:45  Overlord  
  85  14:00  Overlord  
  85  14:08  Roach x2  
  85  14:09  Overlord x2  
  89  14:11  Roach x4  
  89  14:12  Drone  
  98  14:17  Extractor  
  98  14:19  Roach x3  
  98  14:21  Roach  
  105  14:29  Roach x2  
  110  14:31  Zergling x6  
  110  14:34  Zergling x2  
  110  14:38  Roach  
  115  14:39  Zergling x2  
  115  14:40  Zergling x2  
  115  14:42  Zergling x2  
  118  14:46  Overlord  
  118  14:51  Overlord  
  117  15:03  Overlord x2  
Tags
 
Add a new tag
Caveats
  • Supply blocks, unpowered buildings, or Contaminate may cause inaccurate times.
  • Supply counts are checked every 10 seconds.